 Dungeon Crawl Stone Soup version 0.29.0-4-gdea44cf6ec (webtiles) character file.

Game seed: 2487035511358377624

39 qw the Chopper (level 3, -2/21 HPs)
             Began as a Tengu Warper on Aug 28, 2022.
             Killed from afar by Sigmund (5 damage)
             ... with a magic dart
             ... on level 2 of the Dungeon.
             The game lasted 00:00:06 (1527 turns).

qw the Chopper (Tengu Warper)                       Turns: 1527, Time: 00:00:07

Health: -2/21      AC:  6    Str: 13    XL:     3   Next: 45%
Magic:  7/7        EV: 11    Int: 13    God:
Gold:   108        SH:  0    Dex: 13    Spells: 6/6 levels left

rFire   . . .      SeeInvis .   Y - +0 hand axe
rCold   . . .      Faith    .   (no shield)
rNeg    . . .      Spirit   .   f - +0 ring mail
rPois   .          Reflect  .   (helmet restricted)
rElec   .          Harm     .   (no cloak)
rCorr   .          Rampage  .   h - +0 pair of gloves
Will    .....                   (boots unavailable)
Stlth   +.........              (no amulet)
HPRegen 0.07/turn               (no ring)
MPRegen 0.10/turn               (no ring)

@: no status effects
A: beak, talons 3
a: no special abilities


You were on level 2 of the Dungeon.
You visited 1 branch of the dungeon, and saw 2 of its levels.

You collected 108 gold pieces.


Innate Abilities, Weirdness & Mutations

You have a beak for a mouth.
You have claws for feet.


   Skills:
 - Level 2.0 Fighting
 + Level 4.1 Axes
 - Level 1.0 Throwing
 - Level 1.1 Armour
 - Level 2.1 Dodging
 - Level 2.0 Spellcasting
 - Level 2.4 Translocations


You had 6 spell levels left.
You didn't know any spells.
Your spell library contained the following spells:

 Spells                   Type           Power      Damage    Failure   Level
 Blink                    Tloc           14%        N/A       30%         2
 Gell's Gravitas          Tloc           7%         N/A       52%         3
 Lesser Beckoning         Tloc           7%         N/A       52%         3
 Teleport Other           Tloc           7%         N/A       52%         3
 Manifold Assault         Tloc           7%         N/A       99%         5

Inventory:

Hand Weapons
 e - a +0 club
 Y - a +0 hand axe (weapon)
Missiles
 i - a javelin (quivered)
Armour
 f - a +0 ring mail (worn)
 h - a +0 pair of gloves (worn)
Potions
 a - a potion of heal wounds {unknown}
 j - a potion of attraction {unknown}

Dungeon Overview and Level Annotations

Branches:
Dungeon (2/15)

Altars:

Annotations:
D:2 Sigmund


Message History

Your Axes skill increases to level 4!
You start resting.
HP restored.
i - a javelin Sigmund the Dreaded comes into view.
He is wielding a +4 scythe of distortion.
Sigmund shouts!
Sigmund mumbles some strange words.
Sigmund flickers and vanishes!
Deactivating autopickup; reactivate with Ctrl-A.
You swing at nothing.
You swing at nothing.
You swing at nothing.
You swing at nothing.
You are confused.
You're too confused to attack without stumbling around!
You start waiting.
There is a strange disturbance nearby!
You're too confused to attack without stumbling around!
There is a strange disturbance nearby!
You're too confused to attack without stumbling around!
There is a strange disturbance nearby!
A magic dart appears from out of thin air!
The magic dart hits you.
You're too confused to attack without stumbling around!
There is a strange disturbance nearby!
Something hits you but does no damage. Space warps horribly around you!
You're too confused to attack without stumbling around!
There is a strange disturbance nearby!
You're too confused to attack without stumbling around!
There is a strange disturbance nearby!
You feel less confused. Something hits you. Space warps around you.
You swing at nothing.
Something hits you.
You blink.
You swing at nothing.
You swing at nothing.
You swing at nothing.
A magic dart appears from out of thin air!
The magic dart hits you.
You die...

##......#
..##.....#
#.##.....# #
#.##.....# #.
#.##.....#
#..###.####.###
.....## #.#
#...# #.# #.@.#
#.# ###...###.#
#......##.#
#..#.%#.##.#
#.#..{#.##.#
...#.#.#..#%#
##....#.##.#.#
..)###.##.#.#
#.# #.##.#.#


There were no monsters in sight!

Vanquished Creatures
  An adder (D:2)
  A dart slug (D:1)
  2 bats (D:1)
  4 endoplasms
  A giant cockroach (D:1)
  2 goblins (D:1)
  4 hobgoblins
  2 quokkas (D:1)
  4 ball pythons (D:1)
  2 frilled lizards (D:1)
  A kobold (D:1)
  2 rats
26 creatures vanquished.

Notes
Turn   | Place    | Note
-------+----------+-------------------------------------------
     0 | D:1      | qw the Tengu Warper began the quest for the Orb.
     0 | D:1      | Reached XP level 1. HP: 12/12 MP: 4/4
     0 | D:1      | 0 ||| qw: Version: 0.1-a-89-g26bdef1
     0 | D:1      | 0 ||| qw: Game counter: 2721
     0 | D:1      | 0 ||| qw: Always use a shield: true
     0 | D:1      | 0 ||| qw: God list: Okawaru
     0 | D:1      | 0 ||| qw: Allow faded altars: false
     0 | D:1      | 0 ||| qw: Do Orc after D:15 true
     0 | D:1      | 0 ||| qw: Do second Lair branch before Depths: true
     0 | D:1      | 0 ||| qw: Lair rune preference: random
     0 | D:1      | 0 ||| qw: Plans: Normal
     0 | D:1      | 0 ||| PLANNING D:1-11
   329 | D:1      | 329 ||| Stepping ~*~*~tactically~*~*~ (hiding).
   437 | D:1      | Reached XP level 2. HP: 7/17 MP: 6/6
   645 | D:1      | Reached skill level 3 in Axes
   652 | D:1      | 652 ||| Stepping ~*~*~tactically~*~*~ (stealth).
   958 | D:1      | Reached XP level 3. HP: 21/21 MP: 7/7
  1357 | D:1      | 1357 ||| UPGRADING to +0 ring mail.
  1367 | D:1      | 1367 ||| DROPPING +0 leather armour.
  1368 | D:1      | 1368 ||| UPGRADING to +0 pair of gloves.
  1373 | D:1      | 1373 ||| READING scroll labelled KORAIH FOVUOX.
  1374 | D:1      | 1374 ||| READING scroll labelled UZOKLA SENEERPH.
  1375 | D:1      | 1375 ||| DROPPING scroll of blinking.
  1492 | D:2      | Reached skill level 4 in Axes
  1513 | D:2      | Noticed Sigmund
  1523 | D:2      | HP: 5/21 [something (3)]
  1527 | D:2      | Killed from afar by Sigmund

Levels and vault maps discovered:
D:1:      arrival_zaba_pyramid, layout_basic, hex_large
D:2:      kennysheep_big_flooded_room, layout_rooms, uniq_sigmund

Skill      XL: |  1  2  3 |
---------------+----------+-----
Axes           | 3 4 |  4.1
Fighting       | |  2.0
Throwing       | |  1.0
Armour         | |  1.1
Dodging        | |  2.1
Spellcasting   | |  2.0
Translocations | |  2.4

Action                   || total
-------------------------++-------
Melee: Hand axe          ||    41
       Kick              ||     9
       Peck              ||     4
Throw: Boomerang         ||     7
       Javelin           ||    13
  Use: Scroll            ||     2
Armor: Leather armour    ||     4
       Ring mail         ||     3
Dodge: Dodged            ||    17

Table legend:
 A = Non-vault XP
 B = Vault XP
 C = Vault XP percentage of total XP
 D = Non-vault monster count
 E = Vault monster count
 F = Vault count percentage of total count
                 A         B        C        D         E       F
            +---------+---------+-------+---------+---------+-------
      Total |      56 |       0 |   0.0 |      26 |       0 |   0.0
            +---------+---------+-------+---------+---------+-------
        D:1 |      38 |       0 |   0.0 |      22 |       0 |   0.0
        D:2 |      18 |       0 |   0.0 |       4 |       0 |   0.0
            +---------+---------+-------+---------+---------+-------
